[Event "10th Beirut Open-ch 2019"]
[Site "Beirut"]
[Date "2019.04.25"]
[Round "1.3"]
[White "Khodashenas, Mersad"]
[Black "Hassweh, Mwaffaq"]
[Result "1-0"]
[ECO "C42"]
[WhiteElo "2467"]
[BlackElo "1866"]
[Annotator "ChessBase"]
[PlyCount "69"]
[EventDate "2019.04.25"]
[EventType "swiss"]
[EventRounds "9"]
[EventCountry "LBN"]
[SourceTitle "playchess.com"]
[Source "ChessBase"]
[SourceQuality "1"]
[TimeControl "5400+30"]

1. e4 e5 2. Nf3 Nf6 3. Nxe5 d6 4. Nf3 Nxe4 5. c4 Nc6 6. Nc3 Nf6 7. d4 Be7 8. d5 Ne5 9. Nd4 c6 10. f4 Ng6 11. dxc6 bxc6 12. Nxc6 Qb6 13. Nxe7 Nxe7 14. Qb3 Qd8 15. Be2 Bd7 16. Be3 O-O 17. O-O Bg4 18. Qd1 Bxe2 19. Qxe2 Re8 20. Qd3 d5 21. Rad1 Qc8 22. cxd5 Nf5 23. Bd4 Ng4 24. Rfe1 Nxd4 25. Qxd4 Qb7 26. b3 Rac8 27. d6 Rxe1+ 28. Rxe1 Nf6 29. h3 Qc6 30. Ne4 Nd5 31. Rd1 Nxf4 32. Nf6+ gxf6 33. Qxf4 Qc5+ 34. Kh1 Qc2 35. Rf1 1-0

[Event "10th Beirut Open-ch 2019"]
[Site "Beirut"]
[Date "2019.04.25"]
[Round "1.7"]
[White "Raetsky, Alexander"]
[Black "Attieh, Wael"]
[Result "1-0"]
[ECO "C30"]
[WhiteElo "2394"]
[BlackElo "1823"]
[Annotator "RC"]
[PlyCount "57"]
[EventDate "2019.04.25"]
[EventType "swiss"]
[EventRounds "9"]
[EventCountry "LBN"]
[SourceTitle "playchess.com"]
[Source "ChessBase"]
[SourceQuality "1"]
[TimeControl "5400+30"]

1. e4 e5 2. f4 d6 3. Nf3 Nc6 4. Bb5 exf4 5. d4 Bd7 6. Bxf4 Nf6 7. Nc3 a6 8. Be2 Be7 9. O-O O-O 10. h3 h6 11. a3 Re8 12. Qd2 Bf8 13. Bd3 b5 14. Rae1 b4 15. axb4 Nxb4 16. Bc4 c5 17. dxc5 dxc5 18. e5 Nh7 19. Rd1 Be6 20. Bxe6 fxe6 21. Qe2 Qb6 22. Ne4 Nd5 23. Bc1 Rad8 24. Kh1 Nb4 25. c3 Nd5 26. Nd6 Bxd6 27. exd6 Rxd6 28. Ne5 Ndf6 29. Nc4 1-0

[Event "10th Beirut Open-ch 2019"]
[Site "Beirut"]
[Date "2019.04.25"]
[Round "1.8"]
[White "Al Onizan, Fahad M"]
[Black "Ivanov, Mikhail M"]
[Result "0-1"]
[ECO "B28"]
[WhiteElo "1822"]
[BlackElo "2372"]
[PlyCount "84"]
[EventDate "2019.04.25"]
[EventType "swiss"]
[EventRounds "9"]
[EventCountry "LBN"]
[TimeControl "5400+30"]

1. e4 c5 2. Nf3 a6 3. d4 cxd4 4. Nxd4 Nf6 5. Nc3 e5 6. Nb3 Bb4 7. Bg5 h6 8. Bxf6 Bxc3+ 9. bxc3 Qxf6 10. Qd5 O-O 11. Rd1 Nc6 12. Be2 Rd8 13. Qd6 Qxd6 14. Rxd6 Kf8 15. O-O Ke7 16. Rfd1 Nd4 17. Nxd4 Kxd6 18. Nf5+ Kc7 19. Nd6 f6 20. a4 b6 21. Bg4 Bb7 22. Nf7 Bxe4 23. Nxd8 Rxd8 24. Rc1 Bc6 25. Be2 a5 26. Ra1 d5 27. f3 d4 28. cxd4 Rxd4 29. c4 Rd2 30. Kf2 Rb2 31. Ke3 Rb4 32. Kd2 Rxa4 33. Rxa4 Bxa4 34. Kc3 Kd6 35. Bd3 Kc5 36. h4 Bd7 37. g3 Be6 38. Be2 a4 39. Bd1 a3 40. Bb3 b5 41. cxb5 a2 42. Bxa2 Bxa2 0-1

[Event "10th Beirut Open-ch 2019"]
[Site "Beirut"]
[Date "2019.04.25"]
[Round "1.9"]
[White "Eid, Fadi"]
[Black "Habash, Mohamad"]
[Result "1/2-1/2"]
[ECO "C14"]
[WhiteElo "2331"]
[BlackElo "1806"]
[PlyCount "88"]
[EventDate "2019.04.25"]
[EventType "swiss"]
[EventRounds "9"]
[EventCountry "LBN"]
[TimeControl "5400+30"]

1. d4 d5 2. Nc3 Nf6 3. Bg5 e6 4. e4 Be7 5. e5 Nfd7 6. h4 a6 7. Bxe7 Qxe7 8. f4 c5 9. Nf3 Nc6 10. Qd2 Nb6 11. Rh3 cxd4 12. Nxd4 Qb4 13. O-O-O Bd7 14. a3 Qxd4 15. Qxd4 Nxd4 16. Rxd4 Bc6 17. Na2 Rc8 18. b3 Ke7 19. Rg3 g6 20. a4 Rc7 21. Rc3 Rhc8 22. Kd2 Nd7 23. Nb4 f6 24. Nxc6+ Rxc6 25. Rxc6 Rxc6 26. exf6+ Nxf6 27. Bd3 Kd6 28. Rb4 b6 29. Bxa6 Ne4+ 30. Kc1 Kc5 31. Rb5+ Kd4 32. Bb7 Rd6 33. a5 bxa5 34. Rxa5 Ke3 35. c4 dxc4 36. bxc4 Rb6 37. Rb5 Rxb5 38. cxb5 Nd6 39. Bc6 Nxb5 40. Bxb5 Kxf4 41. Kd2 Kg3 42. Bc6 Kxh4 43. Ke2 Kg3 44. Kf1 h5 1/2-1/2

[Event "10th Beirut Open-ch 2019"]
[Site "Beirut"]
[Date "2019.04.25"]
[Round "1.10"]
[White "Slim, Nadim"]
[Black "Khairallah, Faisal"]
[Result "0-1"]
[ECO "B33"]
[WhiteElo "1781"]
[BlackElo "2255"]
[PlyCount "54"]
[EventDate "2019.04.25"]
[EventType "swiss"]
[EventRounds "9"]
[EventCountry "LBN"]
[TimeControl "5400+30"]

1. e4 c5 2. Nf3 Nc6 3. d4 cxd4 4. Nxd4 Qb6 5. Nb3 Nf6 6. Nc3 e6 7. Be3 Qc7 8. a3 a6 9. f4 d6 10. Bd3 b5 11. O-O Be7 12. Qe2 O-O 13. h3 Re8 14. Qf2 Rb8 15. Ne2 Bf8 16. g4 Nd7 17. Ng3 Nb6 18. Nd2 d5 19. e5 d4 20. Nge4 dxe3 21. Qh4 h6 22. Nf3 Nd5 23. g5 Nce7 24. gxh6 Ng6 25. Qg3 Ndxf4 26. hxg7 Bxg7 27. Nf6+ Bxf6 0-1

[Event "10th Beirut Open-ch 2019"]
[Site "Beirut"]
[Date "2019.04.25"]
[Round "1.11"]
[White "El Jawich, Amro"]
[Black "Hasan Ali Prince"]
[Result "1-0"]
[ECO "B84"]
[WhiteElo "2238"]
[BlackElo "1854"]
[PlyCount "61"]
[EventDate "2019.04.25"]
[EventType "swiss"]
[EventRounds "9"]
[EventCountry "LBN"]
[TimeControl "5400+30"]

1. e4 c5 2. Nc3 d6 3. f4 Nf6 4. Nf3 e6 5. d4 cxd4 6. Nxd4 a6 7. Be2 Qc7 8. O-O Be7 9. Kh1 O-O 10. Bf3 Nbd7 11. Qe1 Rd8 12. g4 Ne8 13. g5 b5 14. a3 Nb6 15. Bg2 Bb7 16. f5 exf5 17. Nxf5 Bf8 18. Qg3 Kh8 19. Be3 Nc4 20. Bd4 Ne5 21. Rf4 f6 22. Ne3 Qf7 23. Raf1 Be7 24. Ncd5 Bxd5 25. Nxd5 Rac8 26. Bb6 Rd7 27. Bh3 Rxc2 28. Bxd7 Nxd7 29. g6 hxg6 30. Qh3+ Kg8 31. Rh4 1-0

[Event "10th Beirut Open-ch 2019"]
[Site "Beirut"]
[Date "2019.04.25"]
[Round "1.12"]
[White "Al Azmi, Khalaf"]
[Black "Najjar, Ahmad"]
[Result "0-1"]
[ECO "B27"]
[WhiteElo "1740"]
[BlackElo "2233"]
[PlyCount "100"]
[EventDate "2019.04.25"]
[EventType "swiss"]
[EventRounds "9"]
[EventCountry "LBN"]
[TimeControl "5400+30"]

1. e4 c5 2. Nf3 g6 3. d4 cxd4 4. Nxd4 Bg7 5. Be3 Nf6 6. Nc3 O-O 7. e5 Ne8 8. f4 d6 9. Nf3 Bg4 10. Be2 Nc6 11. exd6 Nxd6 12. O-O Qa5 13. Bd2 Rad8 14. Qc1 Bxf3 15. Bxf3 Nc4 16. Be1 Nd4 17. Bd1 Nf5 18. Rf3 Qb6+ 19. Kh1 Qxb2 20. Be2 Qxc1 21. Rxc1 Ncd6 22. Bd3 Rc8 23. Nd5 Rfe8 24. c4 e6 25. Ne3 Nxe3 26. Rxe3 b5 27. c5 Bd4 28. Re2 Rxc5 29. Rd1 Rd5 30. Bb4 Rd8 31. Bc2 a6 32. Red2 Nc4 33. Re2 Ne3 34. Rde1 Nxc2 35. Rxc2 Bf6 36. g3 h5 37. Rc6 Ra8 38. Ba5 Bd8 39. Bxd8 Rdxd8 40. Rc7 Rd2 41. Ra1 Rb2 42. a3 Rd8 43. Ra7 Rdd2 44. Rc1 Rxh2+ 45. Kg1 Rbg2+ 46. Kf1 Rf2+ 47. Kg1 Rhg2+ 48. Kh1 Rxg3 49. Rcc7 Rxf4 50. Kh2 Rxa3 0-1

[Event "10th Beirut Open-ch 2019"]
[Site "Beirut"]
[Date "2019.04.25"]
[Round "1.13"]
[White "Dimitrijevic, Aleksandra"]
[Black "Terzian, Kevork"]
[Result "1-0"]
[ECO "B06"]
[WhiteElo "2175"]
[BlackElo "1731"]
[PlyCount "63"]
[EventDate "2019.04.25"]
[EventType "swiss"]
[EventRounds "9"]
[EventCountry "LBN"]
[TimeControl "5400+30"]

1. e4 d6 2. d4 g6 3. Be3 Bg7 4. c3 Nf6 5. f3 Nbd7 6. Bd3 c5 7. Ne2 O-O 8. O-O cxd4 9. cxd4 e5 10. Nbc3 exd4 11. Bxd4 a6 12. a4 Ne5 13. Bc2 Qc7 14. Kh1 b6 15. f4 Nc6 16. Bg1 Bb7 17. Qd2 Rad8 18. Qe3 Nd7 19. Nd5 Qb8 20. Nxb6 Bxb2 21. Rab1 Bg7 22. Nd5 Rde8 23. Qb3 Nd8 24. Rfc1 Nc5 25. Qb4 Qc8 26. Nec3 Bxd5 27. Nxd5 Ndb7 28. Bd4 Bxd4 29. Qxd4 Ne6 30. Nf6+ Kh8 31. Qb2 Re7 32. Nd5+ 1-0

[Event "10th Beirut Open-ch 2019"]
[Site "Beirut"]
[Date "2019.04.25"]
[Round "1.14"]
[White "Hanna, Elie"]
[Black "EL Mahmoud, AbdulAziz"]
[Result "1-0"]
[ECO "B06"]
[WhiteElo "1726"]
[BlackElo "2108"]
[PlyCount "55"]
[EventDate "2019.04.25"]
[EventType "swiss"]
[EventRounds "9"]
[EventCountry "LBN"]
[TimeControl "5400+30"]

1. e4 g6 2. d4 Bg7 3. f4 d6 4. Nf3 a6 5. Bc4 b5 6. Bb3 Bb7 7. O-O Nh6 8. Qe1 d5 9. e5 e6 10. c3 Nd7 11. h3 c5 12. Be3 Nf5 13. Bf2 cxd4 14. cxd4 h5 15. Bc2 a5 16. Nc3 b4 17. Nb5 Ba6 18. Bd3 Kf8 19. a4 bxa3 20. Rxa3 Bb7 21. Bxf5 gxf5 22. Nd6 Ba6 23. Bh4 Qb6 24. Qxa5 Qxa5 25. Rxa5 Bh6 26. Rfa1 Nb8 27. b4 Kg7 28. b5 1-0

[Event "10th Beirut Open-ch 2019"]
[Site "Beirut"]
[Date "2019.04.25"]
[Round "1.15"]
[White "Sursock, Sameer"]
[Black "Moughames, Ronald"]
[Result "1/2-1/2"]
[ECO "E62"]
[WhiteElo "2048"]
[BlackElo "1721"]
[PlyCount "152"]
[EventDate "2019.04.25"]
[EventType "swiss"]
[EventRounds "9"]
[EventCountry "LBN"]
[TimeControl "5400+30"]

1. Nf3 Nf6 2. g3 c6 3. Bg2 g6 4. O-O Bg7 5. d4 O-O 6. c4 d6 7. Nc3 Qa5 8. h3 Be6 9. d5 Bd7 10. Nd4 c5 11. Nc2 b5 12. cxb5 Bxb5 13. Bd2 Ba6 14. Rb1 Qc7 15. Re1 Nbd7 16. Rc1 Ne5 17. b3 Rab8 18. f4 Ned7 19. e4 Ne8 20. Qf3 Qb6 21. Kh2 Nc7 22. Ne3 c4 23. bxc4 Nc5 24. Rb1 Qa5 25. e5 Nd3 26. Rf1 Rxb1 27. Rxb1 Ne8 28. Qf1 Nc5 29. Ne4 Qc7 30. Bc3 Nxe4 31. Bxe4 dxe5 32. f5 Nd6 33. Bd3 e4 34. Bxg7 Kxg7 35. Be2 Qc5 36. Qf4 f6 37. h4 Qa3 38. Rf1 Qxa2 39. Rf2 Qa3 40. c5 Bxe2 41. cxd6 Bd3 42. d7 Qd6 43. Qxd6 exd6 44. Rb2 Rd8 45. Rb7 a6 46. Ng2 g5 47. Kg1 Bb5 48. Kf2 Rxd7 49. Rb6 Bc4 50. Ke3 Bxd5 51. Rxa6 Bb7 52. Rb6 d5 53. Kd4 h6 54. Ne3 Rc7 55. Rd6 Kf7 56. Nxd5 Bxd5 57. Rxd5 Re7 58. Ke3 Ra7 59. hxg5 hxg5 60. Kxe4 Ra4+ 61. Ke3 Ra3+ 62. Kf2 g4 63. Rd4 Ra2+ 64. Ke3 Ra5 65. Rf4 Ra7 66. Rxg4 Ra1 67. Rb4 Rh1 68. Rb3 Kg7 69. Kf4 Rf1+ 70. Ke4 Re1+ 71. Re3 Rg1 72. Kf4 Rf1+ 73. Kg4 Rh1 74. Ra3 Rh2 75. Ra7+ Kf8 76. Ra4 Rh1 1/2-1/2

[Event "10th Beirut Open-ch 2019"]
[Site "Beirut"]
[Date "2019.04.25"]
[Round "1.16"]
[White "Haidar, Wassim"]
[Black "Moudallal, Tarek"]
[Result "0-1"]
[ECO "B01"]
[WhiteElo "1707"]
[BlackElo "2043"]
[PlyCount "98"]
[EventDate "2019.04.25"]
[EventType "swiss"]
[EventRounds "9"]
[EventCountry "LBN"]
[TimeControl "5400+30"]

1. e4 d5 2. exd5 Nf6 3. d4 Nxd5 4. c4 Nb6 5. Nc3 e5 6. d5 Bc5 7. Be3 Bxe3 8. fxe3 O-O 9. Qh5 f5 10. O-O-O N8d7 11. Nf3 Nf6 12. Qg5 Qe7 13. h4 h6 14. Qg3 Ng4 15. Re1 e4 16. Nd4 a6 17. Be2 Ne5 18. Ne6 Nbxc4 19. Nxf8 Nd3+ 20. Bxd3 exd3 21. Rd1 Nxb2 22. Ne6 Bxe6 23. d6 cxd6 24. Kxb2 Bc4 25. Qf4 d5 26. a3 Qc5 27. Qd4 Qa5 28. Rxd3 Rc8 29. Ra1 Rc5 30. Kc2 Rc6 31. Rdd1 b5 32. g4 fxg4 33. h5 Kh7 34. Qe5 Rf6 35. Qd4 g3 36. Qg4 b4 37. Ne2 Rc6 38. Qf5+ Kg8 39. Kd2 b3+ 40. Nc3 b2 41. Rab1 Rf6 42. Qc8+ Kh7 43. Rf1 Bxf1 44. Rxb2 Rf2+ 45. Ke1 Bc4 46. Rc2 Qxa3 47. Nd1 Rf1+ 48. Kd2 Qd3+ 49. Kc1 Rxd1+ 0-1

[Event "10th Beirut Open-ch 2019"]
[Site "Beirut"]
[Date "2019.04.25"]
[Round "1.17"]
[White "Novikova, Margarita"]
[Black "Arkadan, Adib"]
[Result "1-0"]
[ECO "B07"]
[WhiteElo "2032"]
[BlackElo "1686"]
[PlyCount "107"]
[EventDate "2019.04.25"]
[EventType "swiss"]
[EventRounds "9"]
[EventCountry "LBN"]
[TimeControl "5400+30"]

1. d4 Nf6 2. Nf3 g6 3. Nbd2 Bg7 4. e4 d6 5. h3 O-O 6. Be2 Nbd7 7. e5 Ne8 8. Nc4 h6 9. O-O b6 10. Ne3 Bb7 11. Ng4 h5 12. Nh6+ Bxh6 13. Bxh6 Ng7 14. exd6 cxd6 15. d5 Nf6 16. c4 Rc8 17. Nd4 Re8 18. Bd3 e5 19. dxe6 Nxe6 20. Bc2 d5 21. Ba4 Re7 22. Nxe6 Rxe6 23. cxd5 Qxd5 24. Qxd5 Nxd5 25. Bd7 Re2 26. Bxc8 Bxc8 27. Rfe1 Rxb2 28. Re8+ Kh7 29. Be3 Nxe3 30. Rxc8 Nf5 31. Rc7 Kg7 32. Rxa7 b5 33. Rd1 b4 34. Rd3 Rb1+ 35. Kh2 Rb2 36. Rf3 Kg8 37. g4 hxg4 38. hxg4 Nh6 39. Kh3 Kg7 40. Rb3 Rxb3+ 41. axb3 Kf6 42. f4 Ng8 43. Rb7 Ne7 44. Rb6+ Kg7 45. Rxb4 Nd5 46. Rd4 Nc3 47. Rc4 Nb5 48. Rc5 Nd6 49. b4 Kf6 50. Rc6 Ke7 51. Kh4 f6 52. f5 g5+ 53. Kh5 Ne4 54. Re6+ 1-0

[Event "10th Beirut Open-ch 2019"]
[Site "Beirut"]
[Date "2019.04.25"]
[Round "1.18"]
[White "Jabr, Bernard"]
[Black "Asmar, Elie"]
[Result "0-1"]
[ECO "D00"]
[WhiteElo "1679"]
[BlackElo "2009"]
[PlyCount "44"]
[EventDate "2019.04.25"]
[EventType "swiss"]
[EventRounds "9"]
[EventCountry "LBN"]
[TimeControl "5400+30"]

1. e4 d5 2. d4 dxe4 3. Nc3 Nf6 4. f3 exf3 5. Qxf3 e6 6. Bd3 Nc6 7. Nge2 Nb4 8. O-O Nxd3 9. cxd3 Be7 10. Ne4 O-O 11. Qg3 Nxe4 12. dxe4 f5 13. Bh6 Rf7 14. Rf4 Kh8 15. Raf1 gxh6 16. d5 e5 17. Rxf5 Bxf5 18. Qxe5+ Bf6 19. Qxf5 Bd4+ 20. Nxd4 Rxf5 21. Rxf5 Qh4 22. Ne6 Qxe4 0-1

[Event "10th Beirut Open-ch 2019"]
[Site "Beirut"]
[Date "2019.04.25"]
[Round "1.20"]
[White "Berbari, Imad"]
[Black "Sharbel, Marwan"]
[Result "1-0"]
[ECO "A05"]
[WhiteElo "1666"]
[BlackElo "1973"]
[PlyCount "115"]
[EventDate "2019.04.25"]
[EventType "swiss"]
[EventRounds "9"]
[EventCountry "LBN"]
[TimeControl "5400+30"]

1. e4 c5 2. Nf3 d6 3. d3 Nf6 4. g3 g6 5. Bg2 Bg7 6. O-O O-O 7. a4 Nc6 8. Nbd2 Bd7 9. h3 a6 10. Nc4 Be6 11. e5 Ne8 12. Re1 d5 13. Ncd2 h6 14. c3 Bf5 15. d4 c4 16. Nh4 Bd3 17. Bf1 Bxf1 18. Nxf1 e6 19. Be3 Nc7 20. Qg4 Kh7 21. Nd2 b5 22. axb5 axb5 23. Ng2 Qe7 24. h4 h5 25. Qe2 b4 26. Bg5 Qd7 27. Nf4 bxc3 28. bxc3 Nb5 29. Qf3 Ne7 30. Rxa8 Rxa8 31. Nxc4 Qc7 32. Ne3 Qxc3 33. Rd1 Nf5 34. Ne2 Qb3 35. Rd2 Ra1+ 36. Kh2 Ra4 37. g4 hxg4 38. Qxg4 Bxe5+ 39. Bf4 Bxf4+ 40. Qxf4 Nbd6 41. h5 Ne4 42. hxg6+ fxg6 43. Nxf5 gxf5 44. Qh4+ Kg7 45. Qe7+ Kh6 46. Qxe6+ Kg5 47. f4+ Kh5 48. Qxf5+ Kh6 49. Qf8+ Kh7 50. Qf7+ Kh8 51. Qh5+ Kg7 52. Qg4+ Kf7 53. Nc1 Qb7 54. Qh5+ Kf6 55. Qe5+ Kf7 56. Qh5+ Kf8 57. Rg2 Nf6 58. Qh8+ 1-0

[Event "10th Beirut Open-ch 2019"]
[Site "Beirut"]
[Date "2019.04.25"]
[Round "1.21"]
[White "Al Salman, Mohamad"]
[Black "Tarraf, Tarraf"]
[Result "1-0"]
[ECO "D51"]
[WhiteElo "1958"]
[BlackElo "1647"]
[PlyCount "105"]
[EventDate "2019.04.25"]
[EventType "swiss"]
[EventRounds "9"]
[EventCountry "LBN"]
[TimeControl "5400+30"]

1. d4 Nf6 2. Nf3 e6 3. c4 d5 4. Nc3 c6 5. cxd5 exd5 6. Bg5 Nbd7 7. a3 Be7 8. e3 Ne4 9. Nxe4 dxe4 10. Bxe7 Qxe7 11. Nd2 Nf6 12. Qc2 Bf5 13. Be2 O-O 14. O-O Bg6 15. a4 Kh8 16. a5 Rac8 17. Qc5 Qxc5 18. dxc5 Rcd8 19. Nc4 a6 20. Rfd1 Rd5 21. Nd6 Rb8 22. b4 Rxd1+ 23. Rxd1 Nd5 24. Rd4 h6 25. g4 Kg8 26. Bc4 Nc3 27. h4 h5 28. gxh5 Bxh5 29. Nxe4 Nxe4 30. Rxe4 Kf8 31. Kg2 f6 32. Rd4 Ke7 33. Kg3 Rd8 34. Rxd8 Kxd8 35. Be6 Be8 36. Kf4 Bg6 37. e4 Bh5 38. Kf5 Be8 39. f4 Bh5 40. e5 fxe5 41. Kxe5 Bg6 42. f5 Bh5 43. f6 gxf6+ 44. Kxf6 Kc7 45. Bf7 Bg4 46. h5 Bxh5 47. Bxh5 Kc8 48. Ke7 Kc7 49. Bg4 Kb8 50. Kd8 Ka7 51. Kc7 Ka8 52. Bd7 b6 53. Bxc6+ 1-0

[Event "10th Beirut Open-ch 2019"]
[Site "Beirut"]
[Date "2019.04.25"]
[Round "1.22"]
[White "Salameh, Sleiman"]
[Black "Hariri, Nizar"]
[Result "1/2-1/2"]
[ECO "C02"]
[WhiteElo "1621"]
[BlackElo "1958"]
[PlyCount "118"]
[EventDate "2019.04.25"]
[EventType "swiss"]
[EventRounds "9"]
[EventCountry "LBN"]
[TimeControl "5400+30"]

1. e4 e6 2. d4 d5 3. e5 c5 4. c3 Nc6 5. Nf3 Qb6 6. a3 Nh6 7. b4 cxd4 8. Bxh6 gxh6 9. cxd4 Bd7 10. Be2 Bg7 11. Ra2 Rc8 12. O-O O-O 13. b5 Ne7 14. a4 Ng6 15. Re1 f6 16. Bd3 fxe5 17. Nxe5 Nxe5 18. dxe5 Kh8 19. Rae2 Qd4 20. Re3 Rf4 21. Nd2 Qxa4 22. Qe2 Qa2 23. Bb1 Qa5 24. Qd3 Rf5 25. Qd4 Rf7 26. Rf3 Rxf3 27. Nxf3 Qc3 28. Qxa7 Bxb5 29. Qxb7 Be8 30. Bd3 Bh5 31. Ba6 Rf8 32. Re3 Qa1+ 33. Re1 Qa5 34. Rc1 Bxf3 35. gxf3 Qd2 36. Rc8 Qd1+ 37. Bf1 Qxf3 38. Rxf8+ Bxf8 39. Qc8 Qg4+ 40. Bg2 Kg8 41. h3 Qf5 42. Bxd5 Qg5+ 43. Bg2 Qxe5 44. Qa8 Kg7 45. Qb7+ Kg8 46. Qa8 Qg5 47. Qe4 Qf6 48. Qb7 Be7 49. Qe4 Bc5 50. Qa8+ Kf7 51. Qb7+ Be7 52. Qe4 Kg7 53. Qb7 h5 54. Qe4 h4 55. Qg4+ Kh6 56. Qe4 Bc5 57. Qc2 Bd4 58. Be4 Be5 59. Kf1 Bd4 1/2-1/2

[Event "10th Beirut Open-ch 2019"]
[Site "Beirut"]
[Date "2019.04.25"]
[Round "1.24"]
[White "Kabalan, Farah"]
[Black "Khechen, Nabil E"]
[Result "1/2-1/2"]
[ECO "C50"]
[WhiteElo "1602"]
[BlackElo "1933"]
[PlyCount "119"]
[EventDate "2019.04.25"]
[EventType "swiss"]
[EventRounds "9"]
[EventCountry "LBN"]
[TimeControl "5400+30"]

1. e4 e5 2. Nf3 Nc6 3. Bc4 Nf6 4. d3 Bc5 5. Bg5 h6 6. Bh4 g5 7. Bg3 d6 8. h4 g4 9. Nh2 Nh5 10. Nxg4 Nxg3 11. fxg3 h5 12. Qf3 Qe7 13. Nf6+ Kf8 14. Nd5 Nd4 15. Qd1 Bg4 16. Qd2 Qd8 17. Rf1 b5 18. Bb3 Be6 19. Nf6 Bxb3 20. axb3 Ne6 21. b4 Bb6 22. Nc3 c6 23. Qd1 Nf4 24. Rxf4 exf4 25. Nxh5 fxg3 26. Qg4 Rg8 27. Qf4 Bf2+ 28. Kd2 Rg6 29. Ne2 Qe7 30. Nexg3 Bxg3 31. Nxg3 Qe5 32. Ne2 Rxg2 33. Qh6+ Ke7 34. c3 a6 35. Rf1 Rh8 36. Qe3 c5 37. bxc5 dxc5 38. Rxf7+ Kxf7 39. Qf3+ Qf6 40. Qxg2 Rxh4 41. Qg1 Qh6+ 42. Qe3 Qxe3+ 43. Kxe3 Rh3+ 44. Kd2 Rf3 45. b4 cxb4 46. cxb4 Ke7 47. Nd4 Rh3 48. Kc3 Kd6 49. Nb3 Rh7 50. Kd4 Kc6 51. Nc5 Kb6 52. Kd5 Rh1 53. e5 a5 54. bxa5+ Kxa5 55. e6 Rh8 56. e7 Re8 57. Kd6 Kb4 58. Na6+ Kc3 59. Kd7 Rxe7+ 60. Kxe7 1/2-1/2

[Event "10th Beirut Open-ch 2019"]
[Site "Beirut"]
[Date "2019.04.25"]
[Round "1.25"]
[White "Kaloust, Giorgio"]
[Black "Eid, Wissam"]
[Result "1-0"]
[ECO "D35"]
[WhiteElo "1919"]
[BlackElo "1568"]
[PlyCount "41"]
[EventDate "2019.04.25"]
[EventType "swiss"]
[EventRounds "9"]
[EventCountry "LBN"]
[TimeControl "5400+30"]

1. d4 d5 2. c4 e6 3. Nc3 Nf6 4. cxd5 exd5 5. Bg5 c6 6. e3 Bf5 7. Qb3 b6 8. Nf3 Nbd7 9. Ne5 Nxe5 10. dxe5 h6 11. exf6 hxg5 12. fxg7 Bxg7 13. O-O-O Qc7 14. g3 Be6 15. Qc2 b5 16. Nxd5 Qb7 17. Nc3 b4 18. Ne4 Qc7 19. Nxg5 Bxa2 20. b3 Qe5 21. Qxc6+ 1-0

[Event "10th Beirut Open-ch 2019"]
[Site "Beirut"]
[Date "2019.04.26"]
[Round "2.4"]
[White "Kotanjian, Tigran"]
[Black "Novikova, Margarita"]
[Result "1-0"]
[ECO "D17"]
[WhiteElo "2458"]
[BlackElo "2032"]
[Annotator "RC"]
[PlyCount "79"]
[EventDate "2019.04.25"]
[EventType "swiss"]
[EventRounds "9"]
[EventCountry "LBN"]
[SourceTitle "playchess.com"]
[Source "ChessBase"]
[SourceQuality "1"]
[TimeControl "5400+30"]

1. d4 d5 2. c4 c6 3. Nf3 Nf6 4. Nc3 dxc4 5. a4 Bf5 6. Ne5 Nbd7 7. Nxc4 e6 8. f3 Be7 9. e4 Bg6 10. Be3 O-O 11. Be2 Nb6 12. O-O Nxc4 13. Bxc4 Qa5 14. Qb3 Qb4 15. a5 Qxb3 16. Bxb3 Rfc8 17. a6 b5 18. Rfc1 Nd7 19. Kf2 Rab8 20. Bd1 c5 21. d5 b4 22. dxe6 bxc3 23. exd7 cxb2 24. dxc8=Q+ Rxc8 25. Rab1 bxc1=Q 26. Bxc1 Bd8 27. Bb3 Bb6 28. Bd5 Bc7 29. Rb7 c4 30. Ke2 Bb8 31. Kd1 c3 32. Kc2 Kh8 33. Be3 Be5 34. Rxa7 f5 35. Ra8 Rxa8 36. Bxa8 Be8 37. Bd5 Ba4+ 38. Kc1 Bd6 39. a7 Ba3+ 40. Kb1 1-0

[Event "10th Beirut Open-ch 2019"]
[Site "Beirut"]
[Date "2019.04.26"]
[Round "2.8"]
[White "Ivanov, Mikhail M"]
[Black "Kaloust, Giorgio"]
[Result "1-0"]
[ECO "A05"]
[WhiteElo "2372"]
[BlackElo "1919"]
[PlyCount "77"]
[EventDate "2019.04.25"]
[EventType "swiss"]
[EventRounds "9"]
[EventCountry "LBN"]
[TimeControl "5400+30"]

1. c4 Nf6 2. g3 g6 3. Bg2 Bg7 4. b3 d5 5. Bb2 e6 6. Nf3 O-O 7. O-O b6 8. d4 Nbd7 9. Nc3 Bb7 10. Qc2 Rc8 11. Rfd1 c6 12. Rac1 Qc7 13. e3 Qb8 14. Qe2 Ba6 15. a4 Rfd8 16. Ba3 c5 17. Nb5 Bb7 18. Bb2 Ne4 19. dxc5 Ndxc5 20. Bxg7 Kxg7 21. b4 Nxa4 22. Qa2 a6 23. Qxa4 axb5 24. Qa1+ Kg8 25. cxb5 Nd6 26. Nd4 Rxc1 27. Rxc1 Rc8 28. Nc6 Qc7 29. Qf6 Bxc6 30. bxc6 b5 31. Rc5 Qb6 32. c7 Nb7 33. Rxd5 Rxc7 34. h4 Rc8 35. Rd7 Nd8 36. h5 gxh5 37. Be4 Rc1+ 38. Kg2 Rc8 39. Qh6 1-0

[Event "10th Beirut Open-ch 2019"]
[Site "Beirut"]
[Date "2019.04.26"]
[Round "2.9"]
[White "Khairallah, Faisal"]
[Black "Hanna, Elie"]
[Result "1-0"]
[ECO "E65"]
[WhiteElo "2255"]
[BlackElo "1726"]
[PlyCount "93"]
[EventDate "2019.04.25"]
[EventType "swiss"]
[EventRounds "9"]
[EventCountry "LBN"]
[TimeControl "5400+30"]

1. Nf3 c5 2. c4 Nf6 3. g3 g6 4. Bg2 Bg7 5. O-O O-O 6. d4 d6 7. Nc3 Nbd7 8. Rb1 Rb8 9. a3 Re8 10. b4 b6 11. e4 Bb7 12. d5 Ng4 13. Bb2 Nge5 14. Nd2 cxb4 15. axb4 a5 16. Ba1 Ba6 17. b5 Bb7 18. Ne2 Rc8 19. Nd4 Nxc4 20. Nc6 Bxc6 21. bxc6 Nde5 22. Nxc4 Nxc4 23. Bxg7 Kxg7 24. Qd4+ e5 25. Qxc4 Qc7 26. Rb5 Ra8 27. Rfb1 Reb8 28. Qa4 Ra7 29. Bf1 Kf8 30. Bc4 Kg7 31. Qa1 a4 32. Qa3 h6 33. R1b4 Ra5 34. Rxa4 Rba8 35. Raxa5 Rxa5 36. Rxa5 bxa5 37. Qb3 Qa7 38. Qb7 Qd4 39. c7 Qxc4 40. c8=Q Qxe4 41. Qc3 a4 42. Qbb4 Qxd5 43. Qxa4 Qb7 44. Qab4 Qa8 45. Qd2 Qf3 46. Qbxd6 Qe4 47. Q2d5 1-0

[Event "10th Beirut Open-ch 2019"]
[Site "Beirut"]
[Date "2019.04.26"]
[Round "2.10"]
[White "Salman, Samer"]
[Black "El Jawich, Amro"]
[Result "0-1"]
[ECO "B23"]
[WhiteElo "1505"]
[BlackElo "2238"]
[PlyCount "68"]
[EventDate "2019.04.25"]
[EventType "swiss"]
[EventRounds "9"]
[EventCountry "LBN"]
[TimeControl "5400+30"]

1. e4 c5 2. Nc3 Nc6 3. f4 e6 4. Bc4 a6 5. a4 Nge7 6. e5 d5 7. exd6 Nf5 8. Nf3 Bxd6 9. d3 b6 10. Ne4 Be7 11. O-O Bb7 12. Bd2 Nd6 13. Nxd6+ Qxd6 14. c3 Na5 15. Ne5 Nxc4 16. Nxc4 Qxd3 17. Nxb6 Rd8 18. Rf2 c4 19. Qf1 Bc5 20. Nxc4 Bxf2+ 21. Kxf2 Qxf1+ 22. Rxf1 Bd5 23. Ne3 Bxg2 24. Kxg2 Rxd2+ 25. Rf2 Rxf2+ 26. Kxf2 Kd7 27. b4 Rc8 28. c4 Rb8 29. b5 Kd6 30. Ng4 f6 31. Ke2 Kc5 32. Kd3 Kb4 33. bxa6 Rd8+ 34. Kc2 Kxc4 0-1

[Event "10th Beirut Open-ch 2019"]
[Site "Beirut"]
[Date "2019.04.26"]
[Round "2.11"]
[White "Najjar, Ahmad"]
[Black "Berbari, Imad"]
[Result "1-0"]
[ECO "A48"]
[WhiteElo "2233"]
[BlackElo "1666"]
[PlyCount "93"]
[EventDate "2019.04.25"]
[EventType "swiss"]
[EventRounds "9"]
[EventCountry "LBN"]
[TimeControl "5400+30"]

1. d4 Nf6 2. Nf3 g6 3. Bf4 Bg7 4. e3 O-O 5. Be2 d6 6. O-O Nh5 7. Bg5 Nd7 8. c4 Re8 9. Nc3 Nf8 10. Rc1 Ne6 11. Bh4 h6 12. Nd2 Nf6 13. f4 Nf8 14. e4 e5 15. fxe5 dxe5 16. dxe5 Qd4+ 17. Kh1 Qxe5 18. Nf3 Qa5 19. Bd3 c6 20. Qd2 N8h7 21. Rce1 Bg4 22. h3 Bxf3 23. Rxf3 Rad8 24. Qf2 g5 25. Bg3 Nh5 26. e5 Nxg3+ 27. Qxg3 Rxe5 28. Bxh7+ Kxh7 29. Rxf7 Rxe1+ 30. Qxe1 Qb6 31. Qe7 Rg8 32. Ne4 Qxb2 33. Nf6+ Kh8 34. Rxg7 Qc1+ 35. Kh2 Qf4+ 36. Kg1 Qc1+ 37. Kf2 Qd2+ 38. Kf3 Qf4+ 39. Ke2 Qxc4+ 40. Ke3 Qc3+ 41. Ke4 Qc4+ 42. Ke5 Qf4+ 43. Ke6 Qc4+ 44. Kf5 Qd3+ 45. Kg4 Qd1+ 46. Kg3 Qd3+ 47. Kh2 1-0